 Dungeon Crawl Stone Soup version 0.22-a0-480-g991dd4b (webtiles) character file.

47 Tallim the Poker (level 3, 0/27 HPs)
             Began as a Merfolk Skald on June 15, 2018.
             Slain by Tallim's ghost (5 damage)
             ... on level 3 of the Dungeon.
             The game lasted 00:06:01 (1147 turns).

Tallim the Poker (Merfolk Skald)                    Turns: 1147, Time: 00:06:01

Health: 0/27       AC:  7    Str: 11    XL:     3   Next: 70%
Magic:  3/6        EV: 11    Int: 12    God:
Gold:   43         SH:  0    Dex: 14    Spells: 3/6 levels left

rFire    . . .     SeeInvis .   a - +0 spear
rCold    . . .     Gourm    .   (no shield)
rNeg     . . .     Faith    .   i - +0 ring mail
rPois    .         Spirit   .   f - +1 helmet
rElec    .         Reflect  .   (no cloak)
rCorr    .         Harm     .   (no gloves)
MR       .....                  (no boots)
Stlth    +.........             (no amulet)
HPRegen  0.09/turn              (no ring)
MPRegen  0.10/turn              (no ring)

@: very slightly contaminated, invisible
A: change form in water, swift swim, stealthy swim
a: no special abilities


You were on level 3 of the Dungeon.
You were not hungry.

You visited 1 branch of the dungeon, and saw 3 of its levels.

You collected 43 gold pieces.

Inventory:

Hand Weapons
 a - a +0 spear (weapon)
Missiles
 k - 5 tomahawks (quivered)
Armour
 b - a +0 leather armour
 f - a +1 helmet (worn)
 i - a +0 ring mail (worn)
Scrolls
 h - 2 scrolls of identify
Potions
 l - a potion of lignification {unknown}
Comestibles
 d - 2 rations


   Skills:
 - Level 2.1 Fighting
 + Level 5.8 Polearms
 - Level 0.6 Armour
 - Level 2.6 Dodging
 - Level 2.0 Spellcasting
 - Level 3.2 Charms


You had 3 spell levels left.
You knew the following spells:

 Your Spells              Type           Power        Failure   Level  Hunger
a - Infusion              Chrm           #...         17%         1    ##.....
b - Song of Slaying       Chrm           #.......     26%         2    ###....

Your spell library contained the following spells:

 Spells                   Type           Power        Failure   Level  Hunger
 Regeneration             Chrm/Necr      #.........   71%         3    ####...
 Shroud of Golubria       Chrm/Tloc      #.........   45%         2    ###....
 Spectral Weapon          Hex/Chrm       #.......     71%         3    ####...


Dungeon Overview and Level Annotations

Branches:
Dungeon (2/15)

Altars:

Annotations:
D:3 Tallim's ghost, amateur MfSk


Message History

Tallim's ghost barely misses you.
You completely miss Tallim's ghost.
Tallim's ghost is almost destroyed.
You barely miss Tallim's ghost.
Tallim's ghost is almost destroyed.
Tallim's ghost says, "Your head would complement my pike nicely."
Tallim's ghost misses you.
You completely miss Tallim's ghost.
Tallim's ghost is almost destroyed.
Tallim's ghost closely misses you.
You hit Tallim's ghost but do no damage.
Tallim's ghost is almost destroyed.
Tallim's ghost says, "Your head on a pike would complement this floor nicely."
Tallim's ghost hits you.
* * * LOW HITPOINT WARNING * * *
The giant cockroach waves its antennae.
Your ring mail prevents you from hitting Tallim's ghost.
Tallim's ghost is almost destroyed.
Tallim's ghost hits you.
You die...

#..###.<# [##.. #.....####
#.....#)# ###..
#.##..##.....#
##.##...##...
#.....##.....# #.
###..#.## #..# ##.....# #.
#.....# #..#.##.....# #.
#..[..### ##..#.##.....#
#. #.......#
##.....##.....# #.
#.#.###.###[.#)####.....#
#.
#.#.###.@WSg##..###.....#
#.#....###s.......รท......
..####.#.....#####......#
## #.....#.....#.....####
#..#.#....##.......# #
....##>r.#######.....#
....# ##.## ###...# ###.
.<.. ###.(### # .....
##....


You could see Tallim's ghost, a giant cockroach, a hobgoblin and a ball python.

Vanquished Creatures
  An ooze (D:1)
  A worm (D:3)
  3 dart slugs
  2 leopard geckos (D:1)
  2 bats
  A giant cockroach (D:1)
  4 hobgoblins
  4 jackals (D:1)
  2 frilled lizards
  6 goblins
  2 kobolds (D:1)
  4 rats
32 creatures vanquished.

Notes
Turn   | Place    | Note
-------+----------+-------------------------------------------
     0 | D:1      | Tallim the Merfolk Skald began the quest for the Orb.
     0 | D:1      | Reached XP level 1. HP: 16/16 MP: 3/3
    61 | D:1      | Reached skill level 4 in Polearms
    61 | D:1      | Reached XP level 2. HP: 17/22 MP: 5/5
   125 | D:1      | Learned a level 2 spell: Song of Slaying
   374 | D:1      | Reached skill level 5 in Polearms
   374 | D:1      | Reached XP level 3. HP: 27/27 MP: 6/6
   739 | D:2      | You fall through a shaft!
   747 | D:3      | Noticed Tallim's ghost (amateur MfSk)
  1147 | D:3      | Slain by Tallim's ghost

Vault maps used:
D:1:      shiori_shiawase
D:3:      first_ration

Skill      XL: |  1  2 |
---------------+-------+-----
Polearms       | 4 5 |  5.8
Fighting       | |  2.1
Armour         | |  0.6
Dodging        | |  2.6
Spellcasting   | |  2.0
Charms         | |  3.2

Action                   || total
-------------------------++-------
Melee: Spear             ||   205
Throw: Tomahawk          ||     6
 Cast: Infusion          ||     1
  Use: Scroll            ||     5
       Potion            ||     1
 Stab: Sleeping          ||     1
       Invisible         ||     1
  Eat: Ration            ||     1
Armor: Leather armour    ||    13
       Ring mail         ||    32
Dodge: Dodged            ||   103

Table legend:
 A = Spawn XP
 B = Non-spawn XP
 C = Spawn XP percentage of total XP
 D = Spawn monster count
 E = Non-spawn monster count
 F = Spawn count percentage of total count
 G = Total turns spent on level
                    A         B        C        D         E        F      G
               +---------+---------+-------+---------+---------+-------+---------
         Total |       0 |      68 |   0.0 |       0 |      32 |   0.0 |  1147
               +---------+---------+-------+---------+---------+-------+---------
           D:1 |       0 |      52 |   0.0 |       0 |      25 |   0.0 |   711
           D:2 |       0 |       3 |   0.0 |       0 |       2 |   0.0 |    28
           D:3 |       0 |      13 |   0.0 |       0 |       5 |   0.0 |   408
               +---------+---------+-------+---------+---------+-------+---------
